 Dungeon Crawl Stone Soup version 0.18.1-48-g4cf74bf (webtiles) character file.

236 PossumBlood the Thaumaturge (level 5, -1/28 HPs)
             Began as a Deep Elf Wizard on July 12, 2016.
             Slain by an ice beast (12 damage)
             ... on level 5 of the Dungeon.
             The game lasted 00:13:44 (4542 turns).

PossumBlood the Thaumaturge (Deep Elf Wizard)       Turns: 4542, Time: 00:13:45

Health: -1/28      AC:  4    Str:  4    XL:     5   Next: 77%
Magic:  9/17       EV: 13    Int: 23    God:
Gold:   234        SH:  0    Dex: 14    Spells: 5 memorised, 10 levels left

rFire  . . .     SeeInvis .     g - +0 whip
rCold  . . .     Gourm    .     a - +0 robe
rNeg   . . .     Faith    .     (no shield)
rPois  .         Spirit   .     b - +0 hat
rElec  .         Dismiss  .     (no cloak)
rCorr  .         Reflect  .     m - +1 pair of gloves
SustAt .         Harm     .     (no boots)
MR     .....                    (no amulet)
Stlth  ++........               (no ring)
                                n - +2 ring of slaying

@: very slightly contaminated, repel missiles, not resistant to hostile
enchantments, unstealthy
A: no striking features
a: no special abilities


You were on level 5 of the Dungeon.
You were not hungry.

You visited 1 branch of the dungeon, and saw 5 of its levels.

You collected 234 gold pieces.

Inventory:

Hand Weapons
 g - a +0 whip (weapon)
Armour
 a - a +0 robe (worn)
 b - a +0 hat (worn)
 m - a +1 pair of gloves (worn)
Jewellery
 n - a +2 ring of slaying (left hand)
Wands
 q - a wand of teleportation (2/9)
Scrolls
 f - a scroll of teleportation
 i - 3 scrolls of remove curse
 k - a scroll of blinking
 l - a scroll of identify
 o - a scroll of magic mapping
Potions
 e - a potion of haste {unknown}
 j - 3 potions of curing
 p - 3 potions of agility {unknown}
Books
 c - a book of Minor Magic

   Spells                             Type                      Level
   a - Magic Dart                     Conjuration                  1
   b - Blink                          Translocation                2
   c - Call Imp                       Summoning                    2
   d - Repel Missiles                 Charms/Air                   2
   e - Slow                           Hexes                        2
   f - Conjure Flame                  Conjuration/Fire             3
   g - Mephitic Cloud                 Conjuration/Poison/Air       3
Comestibles
 d - 3 bread rations
 h - a slice of pizza


   Skills:
 - Level 2.4 Dodging
 - Level 2.4 Stealth
 - Level 8.2 Spellcasting
 * Level 2.9 Conjurations
   Level 1.1 Summonings
 - Level 1.1 Translocations


You had 10 spell levels left.
You knew the following spells:

 Your Spells              Type           Power        Failure   Level  Hunger
a - Magic Dart            Conj           ###.         2%          1    None
b - Blink                 Tloc           N/A          10%         2    None
c - Repel Missiles        Chrm/Air       #.....       12%         2    None
d - Slow                  Hex            #.......     12%         2    None
e - Conjure Flame         Conj/Fire      ###.....     12%         3    None


Dungeon Overview and Level Annotations

Branches:
Dungeon (5/15)
 Temple: D:4-7

Altars:
Dithmenos
Gozag
Nemelex Xobeh
Pakellas


Message History

Aiming: Magic Dart
Press: ? - help, Shift-Dir - straight line, f/p - ice beast
Aim: an ice beast (heavily wounded)
The magic dart hits the ice beast.
The ice beast is heavily wounded.
The ice beast hits you but does no damage.
Casting: Magic Dart
Confirm with . or Enter, or press ? or * to list all spells.
Aiming: Magic Dart
Press: ? - help, Shift-Dir - straight line, f/p - ice beast
Aim: an ice beast (heavily wounded)
You miscast Magic Dart.
You are very lightly contaminated with residual magic.
Nothing appears to happen.
The ice beast hits you but does no damage.
Read which item? (? for menu, Esc to quit)
Okay, then.
Drink which item? (? for menu, Esc to quit)
You feel better. The ice beast hits you. The ice beast freezes you!
You die...

#. #.
#.#########
#..<.......
#.†########
#..#
#..##########
#...........#..
##.####@......%
#.# #Y###.#..
#.# #.# #.. ...
### #.# #.# ...
#..


You could see an ice beast.

Vanquished Creatures
  An orc priest (D:4)
  A worker ant (D:4)
  10 adders
  A howler monkey skeleton (D:4)
  2 worms
  2 giant geckos
  4 orcs
  3 giant cockroaches
  6 goblins
  3 hobgoblins
  13 jackals
  A quokka (D:2)
  10 bats
  3 giant newts
  10 kobolds
  A quokka skeleton (D:4)
  6 rats
77 creatures vanquished.

Notes
Turn   | Place    | Note
--------------------------------------------------------------
     0 | D:1      | PossumBlood the Deep Elf Wizard began the quest for the Orb.
     0 | D:1      | Reached XP level 1. HP: 10/10 MP: 7/7
   300 | D:1      | Reached skill level 5 in Spellcasting
   344 | D:1      | Reached XP level 2. HP: 15/15 MP: 8/10
  1081 | D:1      | Reached XP level 3. HP: 19/19 MP: 9/12
  1106 | D:2      | Reached skill level 6 in Spellcasting
  1594 | D:2      | Reached XP level 4. HP: 24/24 MP: 7/14
  1642 | D:2      | Learned a level 2 spell: Blink
  1645 | D:2      | Learned a level 2 spell: Repel Missiles
  1648 | D:2      | Learned a level 2 spell: Slow
  1652 | D:2      | Learned a level 3 spell: Conjure Flame
  1802 | D:2      | You fall through a shaft!
  1814 | D:3      | Reached skill level 7 in Spellcasting
  2469 | D:3      | Found an opulent altar of Gozag.
  2470 | D:3      | Found a shadowy altar of Dithmenos.
  2470 | D:3      | Found an oddly glowing altar of Pakellas.
  3209 | D:3      | Reached XP level 5. HP: 28/28 MP: 15/17
  3585 | D:4      | Reached skill level 8 in Spellcasting
  3691 | D:4      | Found a sparkling altar of Nemelex Xobeh.
  4520 | D:5      | Entered Level 5 of the Dungeon
  4532 | D:5      | Noticed an ice beast
  4542 | D:5      | Slain by an ice beast

Skill      XL: |  1  2  3  4  5 |
---------------+----------------+-----
Spellcasting   | 5 6 7 8 |  8.2
Conjurations   | 2 |  2.9
Dodging        | |  2.4
Stealth        | |  2.4
Summonings     | |  1.1
Translocations | |  1.1

Action                   |  1- 3 |  4- 6 || total
-------------------------+-------+-------++-------
Melee: Unarmed           |     7 |       ||     7
 Cast: Magic Dart        |    90 |   140 ||   230
       Repel Missiles    |       |     1 ||     1
  Use: Scroll            |     5 |     3 ||     8
       Potion            |       |     1 ||     1
  Eat: Meat ration       |     1 |       ||     1
       Bread ration      |       |     2 ||     2
Armor: Robe              |     6 |    15 ||    21
Dodge: Dodged            |    22 |    32 ||    54
       Deflected         |       |     2 ||     2
